 Dungeon Crawl Stone Soup version 0.26-a0-597-gb535b0901c (webtiles) character file.

Game seed: 2295767583796973486

27587 Lanoc the Grappler (level 13, -3/128 HPs)
             Began as a Troll Transmuter on Sept 5, 2020.
             Was a High Priest of Wu Jian.
             Slain by p0werm0de's ghost (19 damage)
             ... on level 13 of the Dungeon.
             The game lasted 00:27:37 (11153 turns).

Lanoc the Grappler (Troll Transmuter)              Turns: 11153, Time: 00:27:38

Health: -3/128     AC:  8    Str: 21    XL:     13   Next: 5%
Magic:  12/13      EV: 14    Int: 11    God:    Wu Jian [*****.]
Gold:   1128       SH:  0    Dex: 12    Spells: 11/14 levels left

rFire    . . .     SeeInvis .     - Unarmed
rCold    . . .     Faith    +   (no shield)
rNeg     . . .     Spirit   .   J - +2 robe {MR+}
rPois    .         Reflect  .   (helmet currently unavailable)
rElec    .         Harm     .   (no cloak)
rCorr    .                      (gloves unavailable)
MR       +....                  (boots unavailable)
Stlth    +.........             P - amulet of faith
HPRegen  0.71/turn              E - ring of wizardry
MPRegen  0.13/turn              h - +4 ring of slaying

@: about to teleport, appendages (expiring), wereblooded, studying Polearms,
drained
A: large, unfitting armour, claws 3, horns 2, talons 2, regeneration 1, shaggy
fur 1, tough skin 3
a: End Transformation, Wall Jump, Serpent's Lash, Heavenly Storm, Renounce
Religion


You were on level 13 of the Dungeon.
You worshipped Wu Jian.
Wu Jian was extremely pleased with you.
You had grown temporary horns.
You had grown temporary talons.
You visited 2 branches of the dungeon, and saw 14 of its levels.
You visited 1 bazaar.
You also visited: Sewer and Bailey.

You collected 1613 gold pieces.
You spent 485 gold pieces at shops.

Inventory:

Hand Weapons
 b - the +7 hand crossbow "Awineec" {penet, Int+6}
   (You found it in a bailey)

   Ammo fired by it will pass through the targets it hits, potentially hitting
   all targets in its path until it reaches maximum range.
   It affects your intelligence (+6).
 K - a +4 scimitar of flaming
Missiles
 p - 3 throwing nets (quivered)
 A - 4 large rocks
 G - 89 bolts
 Q - 4 curare-tipped darts
Armour
 s - a +2 hat (melded)
 J - a +2 robe of magic resistance (worn)
Jewellery
 e - an uncursed ring of protection from fire
 h - a +4 ring of slaying (right claw)
 z - an uncursed ring of positive energy
 E - a ring of wizardry (left claw)
 M - a +6 ring of intelligence
 P - an amulet of faith (around neck)
Wands
 a - a wand of paralysis (12)
 f - a wand of flame (38)
 C - a wand of random effects (17)
 H - a wand of polymorph (9)
 O - a wand of digging (7)
Scrolls
 j - 4 scrolls of fear
 u - 2 scrolls of identify
 w - 2 scrolls of fog
 y - 3 scrolls of remove curse
 D - 5 scrolls of teleportation
 F - a scroll of brand weapon {unknown}
 I - a scroll of magic mapping {unknown}
 L - 4 scrolls of enchant armour {unknown}
 N - 2 scrolls of enchant weapon {unknown}
Potions
 c - 3 potions of flight
 g - 3 potions of haste
 i - 2 potions of might
 k - 4 potions of magic
 l - 3 potions of brilliance
 m - 5 potions of lignification
 o - 6 potions of curing
 t - 2 potions of berserk rage
 x - 3 potions of ambrosia
 B - a potion of mutation
Books
 n - a manual of Polearms
Miscellaneous
 v - a lightning rod (1/4)


   Skills:
 + Level 8.5(7.8) Fighting
 + Level 8.7(8.0) Dodging
 * Level 14.0(13.2) Unarmed Combat
 - Level 1.2(0.7) Spellcasting
 + Level 7.9(7.2) Transmutations


You had 11 spell levels left.
You knew the following spells:

 Your Spells              Type           Power        Failure   Level
a - Beastly Appendage     Tmut           ###...       1%          1
b - Wereblood             Tmut           ###.....     1%          2

Your spell library contained the following spells:

 Spells                   Type           Power        Failure   Level
 Spider Form              Tmut/Pois      #.........   9%          3
 Summon Small Mammal      Summ           #...         13%         1
 Blade Hands              Tmut           ###.......   19%         5
 Call Imp                 Summ           #.......     21%         2
 Ice Form                 Ice/Tmut       #.......     28%         4
 Petrify                  Tmut/Erth      #.......     28%         4
 Call Canine Familiar     Summ           #.......     36%         3
 Confusing Touch          Hex            #.......     36%         3
 Gell's Gravitas          Tloc           #.........   36%         3
 Summon Guardian Golem    Hex/Summ       #.......     36%         3
 Yara's Violent Unravell  Hex/Tmut       #.........   61%         5
 Animate Dead             Necr           #.........   75%         4
 Summon Ice Beast         Ice/Summ       #.......     75%         4
 Summon Lightning Spire   Summ/Air       #.......     75%         4
 Borgnjor's Vile Clutch   Necr/Erth      #.........   97%         5
 Metabolic Englaciation   Hex/Ice        #.........   97%         5
 Death Channel            Necr           #.........   100%        6
 Simulacrum               Ice/Necr       #.........   100%        6


Dungeon Overview and Level Annotations

Branches:
Dungeon (13/15)            Temple (1/1) D:5            Lair (0/6) D:10
    Orc (0/2) D:9          Vaults (0/5) D:13          Sewer (visited)
 Bailey (visited)

Altars:
Ashenzari
Cheibriados
Dithmenos
Elyvilon
Fedhas
Gozag
Hepliaklqana
Kikubaaqudgha
Makhleb
Nemelex Xobeh
Okawaru
Qazlal
Ru
Sif Muna
Trog
Uskayaw
Vehumet
Wu Jian
Yredelemnul
Zin
The Shining One

Shops:
D:6 :   D:7 !   D:9 [   D:12 !:}

Annotations:
D:13 p0werm0de's ghost, journeyman GrFi


Innate Abilities, Weirdness & Mutations

You are too large for most types of armour.
You have claws for hands.
Your natural rate of healing is unusually fast.
You are covered in fur. (AC +1)
You have extremely tough skin. (AC +3)
You have a pair of horns on your head.
You have razor-sharp toenails.


Message History

* * * LOW HITPOINT WARNING * * *
P0werm0de's ghost burns you!
* * * LOW HITPOINT WARNING * * *
You feel much better. P0werm0de's ghost hits you.
* * * LOW HITPOINT WARNING * * *
P0werm0de's ghost burns you.
* * * LOW HITPOINT WARNING * * *
You feel much better. P0werm0de's ghost hits you!!
* * * LOW HITPOINT WARNING * * *
P0werm0de's ghost burns you!
* * * LOW HITPOINT WARNING * * *
You feel much better. P0werm0de's ghost hits you!!
* * * LOW HITPOINT WARNING * * *
P0werm0de's ghost burns you.
* * * LOW HITPOINT WARNING * * *
As you read the scroll of teleportation, it crumbles to dust.
You feel strangely unstable.
Your transformation is almost over.
P0werm0de's ghost hits you!!
You die...

..##.......#.♣.:...#.......#.##..
...........#.....[(#.............
...........#..(....#......##.####
...........#....(..#.........##
...........#.8....(#..........#
.........#.###'''###..........#
..............................# #
.###...#.#.#.#..W.........###.###
...#.......#....@................
.###........................[.###
.###...#.#.###.#.........<....# #
...........###.#.......##.#.#.#
####...#...............#..#.#.#
.......###.###.#.......#..#.#.#
####...# #.# #................###
####...###.###.#..........#.(....
...................#...#..#.#....


You could see p0werm0de's ghost.

Vanquished Creatures
  Erolcha (D:10)
  A hydra (D:13)
  8 vault guards
  Erica (D:10)
  3 two-headed ogres
  3 hell knights (D:12)
  2 necromancers (D:12)
  2 orc knights (Bailey)
  A manticore (D:12)
  3 ugly things
  A cyclops (D:8)
  An ice statue (D:13)
  Joseph (D:10)
  3 centaur skeletons
  A kobold demonologist (D:11)
  2 trolls
  A hornet (D:12)
  Prince Ribbit (D:8)
  5 hippogriffs
  A shadow (D:8)
  A wyvern (D:10)
  2 water elementals (D:12)
  Grum (D:9)
  A soldier ant (D:13)
  2 water moccasins
  6 hell hounds (D:12)
  8 orc warriors
  2 ice beasts
  3 phantoms
  2 black bears
  A sky beast (D:7)
  9 ogres
  3 wolves (D:9)
  21 centaurs
  A crocodile (D:11)
  6 big kobolds
  8 bullfrogs
  2 gnoll sergeants
  2 scorpions
  8 killer bees
  A howler monkey (D:6)
  2 electric eels (D:12)
  2 centaur zombies
  A quasit (D:6)
  2 bullfrog zombies
  2 jellies (D:11)
  8 orc wizards
  8 hounds
  3 orc priests
  Ijyb (D:3)
  A bullfrog skeleton (D:12)
  7 iguanas
  9 worker ants
  A hound zombie (D:7)
  2 hound skeletons (D:4)
  2 howler monkey skeletons
  2 worker ant zombies
  23 gnolls
  12 adders
  A river rat (Sewer)
  A white imp (D:7)
  An ooze (Sewer)
  An adder zombie (D:6)
  2 adder skeletons (D:7)
  2 worms
  A dart slug (D:1)
  3 leopard geckos
  42 orcs
  6 giant cockroaches
  8 goblins
  A hobgoblin (D:1)
  8 jackals
  19 kobolds
  3 quokkas
  8 ball pythons
  10 bats (D:5)
  3 frilled lizards
  A jackal zombie (D:6)
  A leopard gecko skeleton (D:4)
  3 rats
345 creatures vanquished.

Vanquished Creatures (others)
  36 plants (D:12)
36 creatures vanquished.

Grand Total: 381 creatures vanquished

Notes
Turn   | Place    | Note
-------+----------+-------------------------------------------
     0 | D:1      | Lanoc the Troll Transmuter began the quest for the Orb.
     0 | D:1      | Reached XP level 1. HP: 18/18 MP: 1/1
    49 | D:1      | Reached skill level 1 in Fighting
    66 | D:1      | Reached XP level 2. HP: 27/27 MP: 2/2
   246 | D:2      | Reached XP level 3. HP: 18/33 MP: 1/3
   495 | D:3      | Learned a level 2 spell: Wereblood
   552 | D:3      | Reached XP level 4. HP: 30/41 MP: 0/4
   556 | D:3      | Reached skill level 4 in Unarmed Combat
   626 | D:3      | Noticed Ijyb
   644 | D:3      | Killed Ijyb
   735 | D:3      | You fall into a shaft and drop 1 floor!
   739 | D:4      | Reached XP level 5. HP: 49/49 MP: 3/5
   874 | D:4      | Noticed a phantom
   893 | D:4      | Reached XP level 6. HP: 41/57 MP: 4/6
   930 | D:4      | Found a glowing drain.
   958 | D:4      | Reached skill level 5 in Unarmed Combat
   963 | Sewer    | Entered a sewer
  1113 | Sewer    | Reached XP level 7. HP: 61/66 MP: 7/7
  1399 | D:4      | Reached skill level 6 in Unarmed Combat
  1549 | D:4      | Found a glowing silver altar of Zin.
  1624 | D:5      | Entered Level 5 of the Dungeon
  1948 | D:5      | Found a staircase to the Ecumenical Temple.
  1959 | Temple   | Entered the Ecumenical Temple
  2036 | Temple   | Became a worshipper of the Wu Jian Council
  2415 | D:6      | Reached XP level 8. HP: 63/75 MP: 6/8
  2566 | D:6      | Reached skill level 7 in Unarmed Combat
  2759 | D:6      | Found Zohasiul's Book Shop.
  2769 | D:6      | Found a hide-covered altar of Uskayaw.
  2780 | D:6      | Got a buzzing trident
  2781 | D:6      | Identified the cursed +3 trident of the Chickpea {vamp,
                  | *Drain rPois rF++ SInv} (You found it on level 6 of the
                  | Dungeon)
  3234 | D:7      | Reached skill level 8 in Unarmed Combat
  3317 | D:7      | Reached XP level 9. HP: 84/84 MP: 9/9
  3590 | D:7      | Reached * piety under Wu Jian
  3712 | D:7      | Found Zurom's Distillery.
  3720 | D:7      | Bought a potion of heal wounds for 65 gold pieces
  3809 | D:7      | Found an iron altar of Okawaru.
  3809 | D:7      | Found a glowing golden altar of the Shining One.
  3982 | D:8      | Noticed Prince Ribbit
  4032 | D:8      | Killed Prince Ribbit
  4032 | D:8      | Reached skill level 5 in Dodging
  4062 | D:8      | Noticed a cyclops
  4087 | D:8      | Killed a cyclops
  4087 | D:8      | Reached skill level 5 in Fighting
  4087 | D:8      | Reached skill level 9 in Unarmed Combat
  4377 | D:8      | Reached skill level 5 in Transmutations
  4524 | D:8      | Found a burning altar of Makhleb.
  4525 | D:8      | Found a shattered altar of Ashenzari.
  4527 | D:8      | Found an opulent altar of Gozag.
  4683 | D:8      | Reached XP level 10. HP: 96/96 MP: 6/10
  4932 | D:9      | Reached ** piety under Wu Jian
  4934 | D:9      | Found a staircase to the Orcish Mines.
  4934 | D:9      | Found Idurrun's Armour Emporium.
  5016 | D:9      | Found a flagged portal.
  5029 | Bailey   | Entered a bailey
  5052 | Bailey   | Noticed an orc knight
  5058 | Bailey   | Killed an orc knight
  5116 | Bailey   | Noticed an orc knight
  5117 | Bailey   | Found an iron altar of Okawaru.
  5124 | Bailey   | Reached skill level 10 in Unarmed Combat
  5131 | Bailey   | Killed an orc knight
  5149 | Bailey   | Got a glimmering hand crossbow
  5150 | Bailey   | Identified the +7 hand crossbow "Awineec" {penet, Int+6}
                  | (You found it in a bailey)
  5278 | D:9      | Noticed Grum
  5291 | D:9      | Killed Grum
  5945 | D:10     | Entered Level 10 of the Dungeon
  5960 | D:10     | Found a staircase to the Lair.
  6008 | D:10     | Noticed a two-headed ogre
  6013 | D:10     | Noticed Erolcha
  6017 | D:10     | Killed a two-headed ogre
  6017 | D:10     | Reached skill level 11 in Unarmed Combat
  6019 | D:10     | Killed Erolcha
  6019 | D:10     | Reached XP level 11. HP: 106/106 MP: 9/11
  6027 | D:10     | Reached *** piety under Wu Jian
  6032 | D:10     | Noticed Joseph
  6042 | D:10     | Killed Joseph
  6349 | D:10     | Noticed Erica
  6360 | D:10     | Killed Erica
  6701 | D:11     | Noticed a green ugly thing
  6719 | D:11     | Killed a green ugly thing
  6735 | D:11     | Got a brightly glowing war axe
  6736 | D:11     | Identified the +5 war axe of Beogh's Righteous Fury
                  | {vorpal, rElec Str+4 Int-3} (You found it on level 11 of
                  | the Dungeon)
  6924 | D:11     | Noticed a two-headed ogre
  6929 | D:11     | Killed a two-headed ogre
  6929 | D:11     | Reached skill level 12 in Unarmed Combat
  6934 | D:11     | Reached **** piety under Wu Jian
  7354 | D:11     | Got an ivory rapier
  7355 | D:11     | Identified the +8 rapier of Didd {drain, rN+} (You found it
                  | on level 11 of the Dungeon)
  7399 | D:12     | Noticed a white ugly thing
  7404 | D:12     | Killed a white ugly thing
  7594 | D:12     | Found Pinir's Gadget Boutique.
  7625 | D:12     | Found Obbov's Book Emporium.
  7964 | D:12     | Found Xiddexyo's Distillery.
  7988 | D:12     | Noticed a two-headed ogre
  7993 | D:12     | Killed a two-headed ogre
  7996 | D:12     | Reached XP level 12. HP: 113/118 MP: 8/12
  8921 | D:13     | Found a runed translucent gate.
  8922 | D:13     | Found a runed translucent gate.
  8923 | D:13     | Found a runed translucent gate.
  8925 | D:13     | Noticed p0werm0de's ghost (journeyman GrFi)
  8997 | D:13     | Noticed a four-headed hydra
  9007 | D:13     | Killed a one-headed hydra
  9233 | D:13     | Reached skill level 13 in Unarmed Combat
  9533 | D:13     | Found a gateway to a bazaar.
  9550 | Bazaar   | Entered a bazaar
  9550 | Bazaar   | Found Duet Amuj's Gadget Boutique.
  9550 | Bazaar   | Found Dejusot's Antique Weapon Shoppe.
  9550 | Bazaar   | Found Suhurotupau's Weapon Shop.
  9550 | Bazaar   | Found Amovvam's Distillery.
  9728 | Bazaar   | Bought a potion of heal wounds for 50 gold pieces
  9728 | Bazaar   | Bought a potion of magic for 80 gold pieces
  9728 | Bazaar   | Bought a potion of heal wounds for 50 gold pieces
  9728 | Bazaar   | Bought a potion of haste for 100 gold pieces
  9728 | Bazaar   | Bought a potion of ambrosia for 80 gold pieces
  9728 | Bazaar   | Bought a potion of lignification for 30 gold pieces
  9728 | Bazaar   | Bought a potion of lignification for 30 gold pieces
  9830 | D:13     | Noticed a vault guard
  9830 | D:13     | Noticed a vault guard
  9830 | D:13     | Noticed a vault guard
  9831 | D:13     | Found a gate to the Vaults.
  9831 | D:13     | Noticed a vault guard
  9831 | D:13     | Noticed a vault guard
  9831 | D:13     | Noticed a vault guard
  9834 | D:13     | Noticed a vault guard
  9840 | D:13     | Killed a vault guard
 10008 | D:12     | Killed a vault guard
 10608 | D:12     | Killed a vault guard
 10720 | D:11     | Killed a vault guard
 10720 | D:11     | Reached ***** piety under Wu Jian
 10873 | D:12     | Killed a vault guard
 10938 | D:13     | Killed a vault guard
 10970 | D:13     | Killed a vault guard
 10970 | D:13     | Reached XP level 13. HP: 120/128 MP: 11/13
 10994 | D:13     | Reached skill level 14 in Unarmed Combat
 11153 | D:13     | Slain by p0werm0de's ghost

Illustrated notes

Levels and vault maps discovered:
D:1:      onia_arrival_pyramid, layout_basic
D:2:      layout_basic, lemuel_doored_altar, lemuel_statue_altar
D:3:      layout_basic, uniq_ijyb, uniq_jessica
D:4:      layout_gridville, old_standard_altar, portal_sewer_entry_b,
          minmay_manual_monstrance
D:5:      layout_loops_ring, minmay_temple_entry_hall,
          minmay_misc_feat_four_crosses, roderic_batcave,
          chequers_serial_rivers_micro_d
D:6:      layout_loops_ring, eat_drink_and_be_merry_uskayaw, serial_shops, shop
D:7:      layout_gridville, gammafunk_temple_overflow_wave, serial_shops,
          nicolae_shop_crystal, feat_on_display
D:8:      layout_basic, minitemple, bh_walls_and_bars, uniq_prince_ribbit1
D:9:      layout_roguey, orc_david_3, enter_bailey_3, uniq_grum
D:10:     layout_cave_pools, lair_entry_dummy, uniq_erica, uniq_erolcha,
          uniq_joseph
D:11:     layout_loops_ring, hangedman_abyss_or_decor_passed,
          minmay_misc_feat_ornament, chequers_serial_rivers_small_b
D:12:     layout_long_grid, serial_bayou, serial_bayou_lagoon_a,
          serial_bayou_shore_b, serial_bayou_lake_a, serial_bayou_shore_b,
          serial_bayou_pond_c, serial_bayou_pond_e, serial_shops, shop,
          nicolae_shop_stone, shop, grunt_decor_resistance, chequers_garden,
          minmay_rotating_lava
D:13:     layout_basic, erik_vaults_2, serial_shops, statue_bzr,
          ebering_ghost_rock_garden, minmay_holes, kennysheep_decorative_pillar
Temple:   eino_temple_lava

Skill      XL: |  1  2  3  4  5  6  7  8  9 10 11 12 13 |
---------------+----------------------------------------+-----
Fighting       | 1 2 3 4 5 6 7 8 |  8.5
Dodging        | 2 3 4 5 6 7 8 |  8.7
Unarmed Combat | 4 5 6 8 9 11 12 13 14 | 14.0
Transmutations | 2 3 4 5 6 7 |  7.9
Spellcasting   | |  1.2

Action                   |  1- 3 |  4- 6 |  7- 9 | 10-12 | 13-15 || total
-------------------------+-------+-------+-------+-------+-------++-------
Melee: Unarmed           |    47 |   117 |   246 |   465 |    21 ||   896
       Kick              |     2 |    11 |    34 |    89 |     7 ||   143
       Headbutt          |     2 |     5 |    22 |    70 |     6 ||   105
       Punch             |       |     1 |     4 |    20 |     3 ||    28
       Scimitar          |       |       |       |     5 |       ||     5
 Fire: Hand crossbow     |       |       |       |    12 |       ||    12
 Cast: Beastly Appendage |     4 |     9 |    29 |    44 |     2 ||    88
       Wereblood         |     1 |     3 |    10 |    28 |     2 ||    44
Invok: Lunge             |       |       |    18 |    45 |     1 ||    64
       Whirlwind         |       |       |       |   133 |     4 ||   137
 Abil: Wall Jump         |       |       |       |     1 |       ||     1
Evoke: Wand              |       |       |       |    26 |       ||    26
       Lightning rod     |       |       |       |     4 |       ||     4
  Use: Scroll            |       |     3 |     4 |    15 |     1 ||    23
       Potion            |       |       |     1 |     6 |     3 ||    10
 Stab: Sleeping          |     1 |       |     1 |       |       ||     2
Armor: Robe              |     9 |    60 |    70 |   105 |     3 ||   247
       Skin              |       |       |       |    10 |       ||    10
Dodge: Dodged            |    28 |    72 |   144 |   266 |     3 ||   513

Table legend: (Time is in decaauts)
 A = Elapsed time spent in this place.
 B = Non-inter-level travel time spent in this place.
 C = Inter-level travel time spent in this place.
 D = Time resting spent in this place.
 E = Time spent auto-exploring this place.
 F = Levels seen in this place.
 G = Mean time per level.
                   A        B        C        D        E       F      G
               +--------+--------+--------+--------+--------+-----+--------+
         Total |  11165 |  10845 |    320 |    662 |   7599 |  17 |  656.8 |
       Dungeon |  10266 |   9952 |    314 |    571 |   7119 |  13 |  789.7 |
        Temple |     84 |     78 |      6 |      0 |     54 |   1 |   84.0 |
        Bazaar |    184 |    184 |      0 |      0 |    174 |   1 |  184.0 |
         Sewer |    431 |    431 |      0 |      0 |    249 |   1 |  431.0 |
        Bailey |    198 |    198 |      0 |     91 |      3 |   1 |  198.0 |
               +--------+--------+--------+--------+--------+-----+--------+

Top non-repeatable levels by time:
    D:12: 2124 daAuts
    D:13: 1264 daAuts
    D:11: 1069 daAuts
     D:8: 923 daAuts
     D:7: 919 daAuts
     D:9: 862 daAuts
     D:5: 682 daAuts
     D:6: 600 daAuts
    D:10: 565 daAuts
     D:4: 525 daAuts
   Sewer: 431 daAuts
     D:2: 408 daAuts
     D:3: 247 daAuts
  Bailey: 198 daAuts
  Bazaar: 184 daAuts
